 Dungeon Crawl Stone Soup version 0.22-a0-284-g99d1f74 (webtiles) character file.

1600 Amnesiac the Conjurer (level 8, 0/48 HPs)
             Began as a Deep Elf Wizard on Mar 21, 2018.
             Succumbed to a scorpion's poison
             ... on level 5 of the Dungeon.
             The game lasted 00:09:02 (4529 turns).

Amnesiac the Conjurer (Deep Elf Wizard)             Turns: 4529, Time: 00:09:03

Health: 0/48       AC:  3    Str:  4    XL:     8   Next: 62%
Magic:  5/16       EV: 14    Int: 26    God:
Gold:   217        SH:  5    Dex: 13    Spells: 5/16 levels left

rFire    . . .     SeeInvis .   p - +2 dagger (venom)
rCold    . . .     Gourm    .   k - +0 buckler
rNeg     . . .     Faith    .   a - +0 robe
rPois    .         Spirit   .   s - +0 helmet
rElec    .         Reflect  .   (no cloak)
rCorr    .         Harm     .   (no gloves)
MR       .....                  (no boots)
Stlth    ++........             q - amulet of regeneration
HPRegen  0.56/turn              (no ring)
MPRegen  0.15/turn              (no ring)

@: lethally poisoned (0 -> -3), very slightly contaminated
A: no striking features
a: no special abilities


You were on level 5 of the Dungeon.
You were not hungry.

You visited 1 branch of the dungeon, and saw 5 of its levels.

You collected 217 gold pieces.

Inventory:

Hand Weapons
 p - a +2 dagger of venom (weapon)
 y - the +9 dagger "Syockama" {antimagic, Dex+4}
   (You found it on level 4 of the Dungeon)

   It reduces the magical energy of the wielder, and disrupts the spells and
   magical abilities of those hit.
   Natural abilities and divine invocations are not affected.
   It affects your dexterity (+4).
Missiles
 o - 37 stones (quivered)
Armour
 a - a +0 robe (worn)
 k - a +0 buckler (worn)
 m - a +0 shield
 s - a +0 helmet (worn)
 x - a +1 robe of cold resistance
Jewellery
 g - an uncursed amulet of the acrobat
 q - an amulet of regeneration (around neck)
 t - a +4 ring of strength {unknown}
Scrolls
 b - 2 scrolls of magic mapping {!r, unknown}
 c - a scroll of enchant armour {!r}
 e - a scroll of fear {!r, unknown}
 i - 2 scrolls of enchant weapon {!r, unknown}
 u - 2 scrolls of blinking {!r, unknown}
 v - a scroll of noise {!r, unknown}
 w - a scroll of amnesia {!r, unknown}
 z - a scroll of identify {!r}
 C - a scroll of teleportation {!r, unknown}
Potions
 f - 2 potions of agility {!q}
 h - 4 potions of curing {!q}
 j - 5 potions of heal wounds {!q}
 l - a potion of berserk rage {!q}
 r - a potion of ambrosia {!q, unknown}
 A - a potion of haste {!q, unknown}
 B - a potion of might {!q, unknown}
Comestibles
 d - 5 rations
 n - 5 chunks of flesh


   Skills:
 * Level 4.6 Fighting
 + Level 4.6 Dodging
 - Level 2.4 Stealth
 - Level 5.0 Shields
 - Level 4.5 Spellcasting
 + Level 6.5 Conjurations
 - Level 1.1 Summonings
 - Level 1.1 Translocations


You had 5 spell levels left.
You knew the following spells:

 Your Spells              Type           Power        Failure   Level  Hunger
a - Magic Dart            Conj           ####         1%          1    None
b - Call Imp              Summ           ##......     8%          2    None
e - Mephitic Cloud        Conj/Pois/Air  ###.....     10%         3    ##.....
s - Conjure Flame         Conj/Fire      ###.....     6%          3    ##.....
v - Blink                 Tloc           N/A          8%          2    None


Dungeon Overview and Level Annotations

Branches:
Dungeon (5/15)
 Temple: D:4-7

Altars:
Hepliaklqana


Message History

Edmund is heavily wounded.
Edmund hits the orc but does no damage.
The orc closely misses you.
The orc is engulfed in noxious fumes.
The orc appears confused.
The orc grins madly.
You catch the helpless Edmund completely off-guard!
You hit Edmund.
Edmund looks as sick as possible!
Edmund is severely wounded.
The orc hits you with a club.
You hit the orc.
You kill the orc!
You catch the helpless Edmund completely off-guard!
You hit Edmund.
You kill Edmund!
A sky beast comes into view.
You hit the orc.
The orc is poisoned.
The orc is lightly wounded.
A scorpion comes into view.
You barely miss the orc.
The orc is moderately wounded.
You barely miss the orc.
The orc is heavily wounded.
You hit the orc.
You kill the orc!
You hit the sky beast.
The sky beast is poisoned.
The sky beast is lightly wounded.
The sky beast completely misses you.
You hit the sky beast.
The sky beast is moderately wounded.
The sky beast flickers out of sight!
Deactivating autopickup; reactivate with Ctrl-A.
Something hits you. Something shocks you.
The scorpion stings you but does no damage.
Things that are here:
a hand axe; a leather armour The orc priest seems less confused.
The orc priest invokes the aid of Beogh against you.
Pain shoots through your body!
A sky beast appears from thin air!
Reactivating autopickup.
You closely miss the orc priest.
The orc priest is moderately wounded.
You block the sky beast's attack. You block the scorpion's attack.
The orc priest completely misses you.
You hit the orc priest.
The orc priest is poisoned.
The orc priest is heavily wounded.
The sky beast closely misses you. The scorpion stings you.
* * * LOW HITPOINT WARNING * * *
The orc priest misses you.
Casting: Mephitic Cloud (safe; 10% risk of failure)
Confirm with . or Enter, or press ? or * to list all spells.
You miscast Blink.
You are very lightly contaminated with residual magic.
Nothing appears to happen.
The sky beast hits you.
* * * LOW HITPOINT WARNING * * *
The sky beast shocks you.
* * * LOW HITPOINT WARNING * * *
The scorpion stings you!
* * * LOW HITPOINT WARNING * * *
You are lethally poisoned!
The scorpion poisons you!
Casting: Blink (safe; 8% risk of failure)
Confirm with . or Enter, or press ? or * to list all spells.
You blink.
You die...

##.....####..#
##$## ..#
..[.........#
##.## .#
..........#
##(## #
#.......#
##.##
#....<.##
##.)#
#......###...#
#.....s§o.(.#
##.?....Y..>##
#....)....@.#
#.)..)....!##
##........##
#........#
##.......#
#.......#
##.......#
#........#
#.....#...


You could see a sky beast, a scorpion and an orc priest.

Vanquished Creatures
  Pikel (D:4)
  A wyvern (D:5)
  Edmund (D:5)
  4 slaves (D:4)
  2 sky beasts (D:5)
  A centaur (D:5)
  A scorpion (D:5)
  A bullfrog zombie (D:4)
  An orc wizard (D:4)
  2 bullfrog skeletons
  2 orc priests (D:3)
  An iguana (D:5)
  3 worker ants
  A gnoll (D:1)
  10 adders
  An ooze (D:4)
  3 dart slugs
  5 worms
  A leopard gecko (D:1)
  12 orcs
  9 bats
  3 giant cockroaches
  8 goblins
  9 hobgoblins
  9 jackals
  A quokka (D:2)
  8 frilled lizards
  A leopard gecko skeleton (D:4)
  A leopard gecko zombie (D:5)
  4 rats
107 creatures vanquished.

Vanquished Creatures (collateral kills)
  The ghost of Amnesiac the Magician, an amateur DEWz (D:4)
  A giant cockroach (D:1)
2 creatures vanquished.

Vanquished Creatures (others)
  A sky beast (D:5)
  A hound (D:4)
  A worm (D:4)
3 creatures vanquished.

Grand Total: 112 creatures vanquished

Notes
Turn   | Place    | Note
-------+----------+-------------------------------------------
     0 | D:1      | Amnesiac the Deep Elf Wizard began the quest for the Orb.
     0 | D:1      | Reached XP level 1. HP: 10/10 MP: 7/7
   193 | D:1      | Reached skill level 1 in Fighting
   193 | D:1      | Reached XP level 2. HP: 16/16 MP: 0/9
   311 | D:1      | Learned a level 2 spell: Blink
   314 | D:1      | Learned a level 2 spell: Call Imp
   509 | D:1      | Reached skill level 2 in Conjurations
   606 | D:1      | Reached XP level 3. HP: 20/20 MP: 8/11
   611 | D:1      | Learned a level 3 spell: Conjure Flame
   615 | D:1      | Learned a level 3 spell: Mephitic Cloud
  1757 | D:2      | Reached XP level 4. HP: 23/27 MP: 3/12
  2673 | D:3      | Reached XP level 5. HP: 30/32 MP: 13/13
  2728 | D:3      | Reached skill level 3 in Conjurations
  2769 | D:3      | Reached skill level 1 in Shields
  2854 | D:3      | Found a hazy altar of Hepliaklqana.
  3293 | D:4      | Noticed Amnesiac's ghost (amateur DEWz)
  3312 | D:4      | Killed Amnesiac's ghost
  3312 | D:4      | Reached XP level 6. HP: 16/36 MP: 1/14
  3422 | D:4      | Reached skill level 4 in Conjurations
  3644 | D:4      | Noticed Pikel
  3644 | D:4      | Noticed a slave
  3644 | D:4      | Noticed a slave
  3669 | D:4      | Noticed a slave
  3671 | D:4      | Killed Pikel
  3671 | D:4      | Reached skill level 5 in Shields
  3671 | D:4      | Reached skill level 5 in Conjurations
  3671 | D:4      | Reached XP level 7. HP: 36/40 MP: 5/15
  3737 | D:4      | Got an encrusted dagger
  3744 | D:4      | Identified the +9 dagger "Syockama" {antimagic, Dex+4} (You found it on level 4 of the Dungeon)
  4075 | D:5      | Entered Level 5 of the Dungeon
  4080 | D:5      | Noticed a wyvern
  4087 | D:5      | Killed a wyvern
  4087 | D:5      | Reached XP level 8. HP: 18/46 MP: 9/16
  4186 | D:5      | Reached skill level 6 in Conjurations
  4489 | D:5      | Noticed Edmund
  4513 | D:5      | Killed Edmund
  4528 | D:5      | HP: 2/48 [scorpion (9)]
  4529 | D:5      | Succumbed to a scorpion's poison

Vault maps used:
D:1:      dpeg_arrival_windows_large_door, columned_hall_lemuel, minivault_25
D:3:      marbit_many_paths
D:4:      first_ration, uniq_pikel
D:5:      uniq_edmund

Skill      XL: |  1  2  3  4  5  6  7  8 |
---------------+-------------------------+-----
Fighting       | 1 2 3 4 |  4.6
Conjurations   | 2 3 5 6 |  6.5
Shields        | 2 5 |  5.0
Dodging        | 3 4 |  4.6
Stealth        | |  2.4
Spellcasting   | |  4.5
Summonings     | |  1.1
Translocations | |  1.1

Action                   |  1- 3 |  4- 6 |  7- 9 || total
-------------------------+-------+-------+-------++-------
Melee: Unarmed           |     2 |       |       ||     2
       Dagger            |       |   125 |    79 ||   204
 Cast: Magic Dart        |   101 |    49 |    23 ||   173
       Call Imp          |     1 |     6 |     1 ||     8
       Mephitic Cloud    |       |     3 |    10 ||    13
       Conjure Flame     |       |     2 |     5 ||     7
       Blink             |       |       |     3 ||     3
  Use: Scroll            |       |     5 |       ||     5
       Potion            |       |     2 |       ||     2
 Stab: Sleeping          |       |     5 |       ||     5
       Confused          |       |     1 |     4 ||     5
  Eat: Chunk             |     2 |     6 |     4 ||    12
Armor: Robe              |     5 |    16 |     7 ||    28
Dodge: Dodged            |    26 |    93 |    44 ||   163
Block: Buckler           |       |     4 |    14 ||    18

Table legend:
 A = Spawn XP
 B = Non-spawn XP
 C = Spawn XP percentage of total XP
 D = Spawn monster count
 E = Non-spawn monster count
 F = Spawn count percentage of total count
 G = Total turns spent on level
                    A         B        C        D         E        F      G
               +---------+---------+-------+---------+---------+-------+---------
         Total |       0 |    2287 |   0.0 |       0 |     105 |   0.0 |  4529
               +---------+---------+-------+---------+---------+-------+---------
           D:1 |       0 |      60 |   0.0 |       0 |      25 |   0.0 |  1324
           D:2 |       0 |     107 |   0.0 |       0 |      22 |   0.0 |  1134
           D:3 |       0 |     142 |   0.0 |       0 |      24 |   0.0 |   837
           D:4 |       0 |    1014 |   0.0 |       0 |      14 |   0.0 |   780
           D:5 |       0 |     964 |   0.0 |       0 |      20 |   0.0 |   454
               +---------+---------+-------+---------+---------+-------+---------
